 Dungeon Crawl Stone Soup version 0.31-a0-750-gfe7b580527 (webtiles) character file.

Game seed: 788978262213870343

60 Newt the Shooter (level 4, -3/30 HPs)
             Began as a Kobold Hunter on Sept 14, 2023.
             Slain by Sigmund
             ... wielding a +1 antimagic scythe
              (9 damage)
             ... on level 2 of the Dungeon.
             The game lasted 00:01:15 (1164 turns).

Newt the Shooter (Kobold Hunter)                    Turns: 1164, Time: 00:01:15

Health: -3/30      AC:  3    Str:  8    XL:     4   Next: 25%
Magic:  0/4        EV: 14    Int: 10    God:
Gold:   113        SH:  0    Dex: 20    Spells: 3/3 levels left

rFire   . . .        a - +0 shortbow
rCold   . . .        (shield currently unavailable)
rNeg    . . .        c - +0 leather armour
rPois   .            (no helmet)
rElec   .            (no cloak)
rCorr   .            (no gloves)
SInv    .            (no boots)
Will    .....        (no amulet)
Stlth   +++          (no ring)
HPRegen 0.25/turn    (no ring)
MPRegen 0.09/turn

%: no passive effects
@: mighty
A: small, no large weapons, nightstalker 3
a: no special abilities


You were on level 2 of the Dungeon.
You visited 1 branch of the dungeon, and saw 2 of its levels.

You collected 113 gold pieces.

Inventory:

Hand Weapons
 a - a +0 shortbow (weapon)
Armour
 c - a +0 leather armour (worn)
Jewellery
 h - a ring of poison resistance
Scrolls
 b - a scroll of butterflies
 f - 2 scrolls of blinking {unknown}
 g - a scroll of teleportation {unknown}
 i - a scroll of revelation {unknown}
 k - a scroll of vulnerability {unknown}
 l - a scroll of immolation {unknown}
Potions
 d - a potion of curing {unknown}
 e - a potion of resistance {unknown}
 j - a potion of might


   Skills:
 * Level 4.6 Fighting
 - Level 5.3 Ranged Weapons
 - Level 2.4 Dodging
 - Level 1.3 Stealth


You had 3 spell levels left.
You didn't know any spells.
Your spell library contained the following spells:

 Spells                   Type           Power      Damage    Failure   Level
 Ozocubu's Armour         Ice            0%         N/A       86%         3
 Metabolic Englaciation   Hex/Ice        0%         N/A       100%        5
 Simulacrum               Ice/Necr       0%         N/A       100%        6


Dungeon Overview and Level Annotations

Branches:
Dungeon (2/15)

Altars:

Shops:
D:1 ?

Annotations:
D:2 Sigmund


Innate Abilities, Weirdness & Mutations

You are small and have problems with some larger weapons.
You are completely attuned to the shadows.


Message History

The puff of flame hits you.
A goblin comes into view. It is wielding a +0 club.
You shoot an arrow.
The arrow hits Sigmund but does no damage.
Sigmund is lightly wounded.
Sigmund points at you and mumbles some strange words.
The puff of flame misses you.
You shoot an arrow. The arrow closely misses Sigmund.
Sigmund casts a spell.
Sigmund flickers and vanishes!
Deactivating autopickup; reactivate with Ctrl-A.
The goblin closely misses you. The goblin attacks as it pursues you!
The goblin misses you. The goblin attacks as it pursues you!
The goblin completely misses you. The goblin attacks as it pursues you!
The goblin barely misses you.
There is an open door here.
You shoot an arrow. The arrow hits the goblin!
You kill the goblin!
You shoot an arrow. Something barely misses you.
You shoot an arrow. Something hits you but does no damage.
You shoot an arrow. You shoot an arrow. Something hits you.
You feel your power leaking away.
You shoot an arrow. Something hits you but does no damage.
You shoot an arrow.
You hear some strange, mumbled words.
You are confused.
You shoot an arrow. Something hits you!
You feel your power leaking away.
You shoot an arrow. Something hits you but does no damage.
You shoot an arrow. Something hits you.
You shoot an arrow. Something hits you!
* * * LOW HITPOINT WARNING * * *
You're too confused to move!
You feel less confused.
Unknown command.
It was a potion of might.
You feel very mighty all of a sudden. Something hits you!
You die...

#...# ####....# ######.####
###...#####.......####....#....#
#...............................
#.##..##....##.<...###.##.#..#..
#...........####...###.....#####
####..##.....# #...........#
#.......|....# #...###...#.##
#....#.#.....###...# #......#
#>...........{)@)..###......#
#.##.#.......####...........#
##.##.####....# #.#####.#...#
...({.# ###### #.).....#.###
.....## ###.......# .....#
#.#####.# ......... #.# #.#
......... ###'## #.# .........
#....# #.######


There were no monsters in sight!

Vanquished Creatures
  2 adders (D:2)
  A dart slug (D:1)
  3 ball pythons
  7 endoplasms
  2 giant cockroaches
  3 goblins (D:2)
  A hobgoblin (D:2)
  2 jackals (D:2)
  3 quokkas
  5 bats
  3 frilled lizards
  3 kobolds
  A rat (D:2)
36 creatures vanquished.

Notes
Turn   | Place    | Note
-------+----------+-------------------------------------------
     0 | D:1      | Newt the Kobold Hunter began the quest for the Orb.
     0 | D:1      | Reached XP level 1. HP: 12/12 MP: 1/1
   145 | D:1      | Reached XP level 2. HP: 18/18 MP: 2/2
   335 | D:1      | Found Zenlus Peru's Magic Scroll Emporium.
   807 | D:2      | Reached XP level 3. HP: 23/23 MP: 3/3
   962 | D:2      | Reached XP level 4. HP: 28/30 MP: 4/4
  1133 | D:2      | Noticed Sigmund
  1164 | D:2      | Slain by Sigmund

Illustrated notes

Levels and vault maps discovered:
D:1:      psy_arrival_conway, layout_loops_cross, serial_shops, shop,
          kennysheep_pointless_box, chequers_serial_rivers_small_a
D:2:      layout_basic, kennysheep_generic_room_6, uniq_sigmund

Skill      XL: |  1  2  3 |
---------------+----------+-----
Fighting       | 3 4 |  4.6
Ranged Weapons | |  5.3
Dodging        | |  2.4
Stealth        | |  1.3

Action                     |  1- 3 |  4- 6 || total
---------------------------+-------+-------++-------
   Fire: Shortbow          |    74 |    37 ||   111
    Use: Potion            |       |     1 ||     1
 Armour: Leather armour    |    15 |    14 ||    29
  Dodge: Dodged            |    41 |    17 ||    58

Table legend: (Time is in decaauts)
 A = Elapsed time spent in this place.
 B = Non-inter-level travel time spent in this place.
 C = Inter-level travel time spent in this place.
 D = Time resting spent in this place.
 E = Time spent auto-exploring this place.
 F = Levels seen in this place.
 G = Mean time per level.
                   A        B        C        D        E       F      G
               +--------+--------+--------+--------+--------+-----+--------+
         Total |   1191 |   1161 |     30 |      0 |    947 |   2 |  595.5 |
       Dungeon |   1191 |   1161 |     30 |      0 |    947 |   2 |  595.5 |
               +--------+--------+--------+--------+--------+-----+--------+

Top non-repeatable levels by time:
     D:1: 767 daAuts
     D:2: 423 daAuts
